 Dungeon Crawl Stone Soup version 0.24.0-123-gd5b16e6ec5 (webtiles) character file.

Game seed: 13374968909164522118, levelgen mode: deterministic

19989 Goreval the Martial Artist (level 12, -11/124 HPs)
             Began as a Black Draconian Transmuter on Jan 12, 2020.
             Was a High Priest of Okawaru.
             Mangled by a killer bee (14 damage)
             ... on level 2 of the Lair of Beasts.
             The game lasted 00:42:04 (19702 turns).

Goreval the Martial Artist (DrTm)                  Turns: 19702, Time: 00:42:05

Health: -11/124    AC:  8    Str: 12    XL:     12   Next: 41%
Magic:  16/19      EV: 14    Int: 23    God:    Okawaru [*****.]
Gold:   922        SH:  0    Dex: 13    Spells: 5/21 levels left

rFire    x . .     SeeInvis +     - Unarmed
rCold    + + +     Gourm    .   (shield currently unavailable)
rNeg     . . .     Faith    .   (armour unavailable)
rPois    +         Spirit   .   (helmet currently unavailable)
rElec    .         Reflect  .   (cloak currently unavailable)
rCorr    .         Harm     .   (gloves currently unavailable)
MR       .....                  (boots currently unavailable)
Stlth    +.........             x - amulet of rage
HPRegen  0.30/turn              w - ring of Guany {Int+5 SInv}
MPRegen  0.16/turn              M - +1 ring of protection

@: lethally poisoned (-11 -> -12), about to teleport, ice-form, berserk
cooldown, slowed, very slow
A: large, (breathe lightning), unfitting armour, AC +8
a: End Transformation, Heroism, Finesse, Renounce Religion, Evoke Berserk Rage


You were on level 2 of the Lair of Beasts.
You worshipped Okawaru.
Okawaru was extremely pleased with you.
You were very hungry.
You were a creature of crystalline ice.
You visited 3 branches of the dungeon, and saw 14 of its levels.
You also visited: Ossuary and Bailey.

You collected 922 gold pieces.

Inventory:

Missiles
 a - 202 arrows
 b - 450 stones (quivered)
Armour
 v - a +0 pair of gloves (melded)
 y - a +2 pair of boots
 J - a +2 hat of magic resistance (melded)
 L - the +1 pair of boots of Imperfection (melded) {*Drain rN++ Regen+ Int+4}
   (Okawaru gifted it to you on level 2 of the Lair of Beasts)

   It affects your intelligence (+4).
   It greatly protects you from negative energy.
   It increases your rate of regeneration.
   It causes draining when unequipped.
Jewellery
 j - an uncursed ring of fire
 p - an uncursed ring of flight
 w - the ring of Guany (left front paw) {Int+5 SInv}
   (You found it on level 5 of the Dungeon)

   [ring of intelligence]

   It affects your intelligence (+5).
   It lets you see invisible.
 x - an amulet of rage (around neck)
 G - a +1 ring of evasion
 M - a +1 ring of protection (right front paw)
Wands
 k - a wand of polymorph (15)
 D - a wand of enslavement (8)
 E - a wand of disintegration (31)
 K - a wand of iceblast (12)
Scrolls
 g - 2 scrolls of fear
 i - 9 scrolls of remove curse
 l - 4 scrolls of teleportation
 m - 5 scrolls of amnesia
 q - 2 scrolls of blinking
 z - 2 scrolls of identify
 A - 2 scrolls of magic mapping
 I - a scroll of summoning {unknown}
 N - 2 scrolls of enchant weapon
Potions
 d - 10 potions of curing
 e - 9 potions of heal wounds
 f - 5 potions of magic
 h - 3 potions of resistance
 n - 3 potions of lignification
 o - 2 potions of haste
 r - 2 potions of mutation
 s - 3 potions of agility
 t - 4 potions of flight
 B - a potion of berserk rage
 C - a potion of invisibility {unknown}
 F - 2 potions of brilliance {unknown}
 H - 2 potions of might
Comestibles
 c - 17 rations


   Skills:
 - Level 9.1 Fighting
 - Level 8.1 Dodging
 * Level 13.5 Unarmed Combat
 - Level 5.0 Spellcasting
 + Level 8.9 Transmutations
 + Level 3.0 Invocations


You had 5 spell levels left.
You knew the following spells:

 Your Spells              Type           Power        Failure   Level  Hunger
a - Ice Form              Ice/Tmut       ####....     16%         4    ####...
b - Spider Form           Tmut/Pois      ####......   4%          3    ##.....
c - Blade Hands           Tmut           #####.....   7%          5    #####..
k - Swiftness             Chrm/Air       #.......     14%         2    None
z - Sticks to Snakes      Tmut           #####...     1%          2    None

Your spell library contained the following spells:

 Spells                   Type           Power        Failure   Level  Hunger
 Beastly Appendage        Tmut           #####.       1%          1    None
 Animate Skeleton         Necr           N/A          10%         1    None
 Apportation              Tloc           #.....       10%         1    None
 Confusing Touch          Hex            #.....       10%         1    None
 Magic Dart               Conj           #...         10%         1    None
 Shock                    Conj/Air       #...         10%         1    None
 Summon Small Mammal      Summ           #...         10%         1    None
 Searing Ray              Conj           #.....       14%         2    None
 Dazzling Spray           Conj/Hex       #.....       28%         3    ##.....
 Static Discharge         Conj/Air       #.......     28%         3    ##.....
 Airstrike                Air            #.........   67%         4    ####...
 Force Lance              Conj/Tloc      #.......     67%         4    ####...
 Fulminant Prism          Conj/Hex       #.........   67%         4    ####...
 Iskenderun's Mystic Bla  Conj           #.......     67%         4    ####...
 Lightning Bolt           Conj/Air       #.........   95%         5    #####..


Dungeon Overview and Level Annotations

Branches:
Dungeon (11/15)            Temple (1/1) D:6            Lair (2/6) D:11
    Orc (0/2) D:11        Ossuary (visited)          Bailey (visited)
  Swamp: Lair:2-4    Shoals: Lair:2-4     Snake: Lair:2-4    Spider: Lair:2-4

Altars:
Ashenzari
Cheibriados
Dithmenos
Elyvilon
Fedhas
Gozag
Hepliaklqana
Kikubaaqudgha
Makhleb
Nemelex Xobeh
Okawaru
Qazlal
Ru
Sif Muna
Trog
Uskayaw
Vehumet
Wu Jian
Xom
Yredelemnul
Zin
The Shining One

Annotations:
D:5 2 transporters


Innate Abilities, Weirdness & Mutations

((You can breathe wild blasts of lightning.))
((Your glossy black scales are hard. (AC +8)))
You cannot fit into any form of body armour.
((You are resistant to electric shocks. (rElec)))
((You are cold-blooded and may be slowed by cold attacks.))


Message History

The killer bee closely misses you.
Your adder closely misses the killer bee.
Unknown command.
As you read the scroll of teleportation, it crumbles to dust.
You feel strangely unstable.
You feel sick. The killer bee stings you!
* * * LOW HITPOINT WARNING * * *
The killer bee stings you but does no damage.
The killer bee misses you.
The queen bee calls on the killer bee to defend it!
The killer bee goes berserk!
Your adder bites the killer bee.
The killer bee stings you.
* * * LOW HITPOINT WARNING * * *
The killer bee barely misses you.
The queen bee calls on the killer bee to defend it!
The killer bee goes berserk!
The queen bee calls on the killer bee to defend it!
The killer bee goes berserk!
Your adder misses the killer bee. The killer bee stings you!
You die...

≈P≈≈≈≈P≈...>.....####
≈≈≈≈≈≈P≈.........#
≈≈≈P≈≈≈≈.........#
≈≈≈≈≈P≈≈♣........#
≈≈≈≈≈≈≈P♣........#
≈≈≈≈≈≈≈≈♣........#
≈≈≈≈ ♣#.......# #
♣#.......# .#
♣.......Y###.###.#
♣♣###..yyy.y.....#
##....Sy.....#
##..........#
############


You could see a queen bee, 4 killer bees and a friendly adder.

Vanquished Creatures
  Gastronok (Lair:1)
  A hydra (Lair:2)
  A two-headed ogre (D:3)
  An ugly thing (D:11)
  A cyclops (D:11)
  3 black mambas (Lair:2)
  A gargoyle (D:11)
  8 spiny frogs
  A komodo dragon (Lair:1)
  A troll (D:9)
  4 hippogriffs
  8 blink frogs
  2 wyverns (D:8)
  7 yaks
  Sigmund (D:5)
  3 hogs (D:7)
  A basilisk (Lair:1)
  A human (D:7)
  2 hungry ghosts
  5 water moccasins
  4 orc warriors
  3 porcupines
  4 sky beasts
  An ice beast (D:7)
  A black bear (D:9)
  3 phantoms
  7 ogres
  5 centaurs
  5 crocodiles
  A big kobold (D:10)
  7 bullfrogs
  A wyvern skeleton (D:9)
  4 scorpions
  28 killer bees
  8 howler monkeys
  3 wights (D:9)
  2 electric eels (Lair:2)
  6 crimson imps
  A centaur zombie (D:6)
  A bullfrog zombie (D:11)
  2 hounds
  3 jellies
  6 orc priests
  2 bullfrog skeletons
  2 centaur skeletons
  An iguana (D:9)
  6 orc wizards
  8 worker ants
  9 big kobold zombies (Ossuary)
  A hound skeleton (D:6)
  A hound zombie (D:7)
  20 gnolls
  2 howler monkey skeletons
  8 adders
  A shadow imp (D:9)
  An ooze (D:6)
  3 adder skeletons
  4 worms (D:2)
  A dart slug (D:4)
  8 leopard geckos
  55 orcs
  A spectral bat (Ossuary)
  7 giant cockroaches
  3 gnoll zombies (Ossuary)
  11 goblins
  16 hobgoblins
  10 jackals
  6 quokkas
  4 bats
  5 bat simulacra (Ossuary)
  5 frilled lizards
  4 goblin simulacra (Ossuary)
  3 goblin zombies (Ossuary)
  2 hobgoblin zombies (Ossuary)
  2 jackal skeletons (D:4)
  2 jackal zombies
  22 kobolds
  3 kobold simulacra (Ossuary)
  6 kobold zombies (Ossuary)
  A leopard gecko skeleton (D:5)
  A leopard gecko zombie (D:6)
  5 orc zombies (Ossuary)
  2 quokka skeletons
  10 rats
  A rat simulacrum (Ossuary)
  3 spectral goblins (Ossuary)
  4 spectral kobolds (Ossuary)
  6 spectral rats (Ossuary)
437 creatures vanquished.

Vanquished Creatures (collateral kills)
  A necrophage (D:9)
  A mummy (Ossuary)
  2 orc zombies (Ossuary)
4 creatures vanquished.

Vanquished Creatures (others)
  3 fungi (Lair:2)
  6 plants (Lair:2)
9 creatures vanquished.

Grand Total: 450 creatures vanquished

Notes
Turn   | Place    | Note
-------+----------+-------------------------------------------
     0 | D:1      | Goreval the Draconian Transmuter began the quest for the
                  | Orb.
     0 | D:1      | Reached XP level 1. HP: 16/16 MP: 3/3
   429 | D:1      | Reached XP level 2. HP: 19/23 MP: 3/5
   722 | D:1      | Learned a level 2 spell: Sticks to Snakes
  1142 | D:2      | Reached XP level 3. HP: 16/29 MP: 4/6
  1422 | D:2      | Learned a level 3 spell: Spider Form
  2471 | D:2      | Reached XP level 4. HP: 28/36 MP: 5/7
  2861 | D:2      | Reached skill level 4 in Unarmed Combat
  3524 | D:3      | Noticed a two-headed ogre
  3686 | D:3      | Reached XP level 5. HP: 6/42 MP: 6/8
  4524 | D:4      | Found a sand-covered staircase.
  4526 | D:4      | Noticed an ogre
  4534 | D:4      | Killed an ogre
  4542 | Ossuary  | Entered an ossuary
  4923 | Ossuary  | Reached XP level 6. HP: 50/50 MP: 9/9
  5039 | Ossuary  | Reached skill level 5 in Unarmed Combat
  5614 | D:4      | Reached skill level 5 in Transmutations
  6192 | D:4      | Your scales start taking on a glossy black colour.
  6192 | D:4      | Reached XP level 7. HP: 51/57 MP: 10/10
  6192 | D:4      | Gained mutation: You are resistant to electric shocks.
                  | (rElec) [Black Draconian growth]
  6295 | D:4      | Learned a level 4 spell: Ice Form
  6751 | D:5      | Entered Level 5 of the Dungeon
  6953 | D:5      | Found a transporter.
  6989 | D:5      | Got a twisted dagger
  6991 | D:5      | Identified the +4 dagger "Leni Cing" {venom, MP+9 Int-5
                  | SInv Stlth+} (You found it on level 5 of the Dungeon)
  7264 | D:5      | Noticed Sigmund
  7283 | D:5      | Killed Sigmund
  7283 | D:5      | Reached XP level 8. HP: 48/63 MP: 8/11
  7777 | D:5      | Reached skill level 6 in Unarmed Combat
  8221 | D:5      | Found a transporter.
  8306 | D:5      | Got a fine glass ring
  8343 | D:5      | Identified the ring of Guany {Int+5 SInv} (You found it on
                  | level 5 of the Dungeon)
  8917 | D:3      | Killed a two-headed ogre
  8917 | D:3      | Reached skill level 7 in Unarmed Combat
  8917 | D:3      | Reached XP level 9. HP: 16/69 MP: 13/16
  9352 | D:6      | Found a staircase to the Ecumenical Temple.
  9358 | Temple   | Entered the Ecumenical Temple
  9761 | D:6      | Reached skill level 8 in Unarmed Combat
  9783 | D:6      | Learned a level 5 spell: Blade Hands
  9787 | D:6      | Learned a level 2 spell: Swiftness
  9990 | D:6      | Found an opulent altar of Gozag.
 10596 | D:7      | Reached skill level 9 in Unarmed Combat
 11088 | D:7      | Reached skill level 10 in Unarmed Combat
 11432 | D:8      | Found a shadowy altar of Dithmenos.
 11439 | D:8      | Reached XP level 10. HP: 77/77 MP: 17/17
 11687 | D:9      | Reached skill level 11 in Unarmed Combat
 11930 | D:9      | Found a shattered altar of Ashenzari.
 11956 | D:9      | Found an ornate altar of the Wu Jian Council.
 11956 | D:9      | Found an iron altar of Okawaru.
 11956 | D:9      | Found an opulent altar of Gozag.
 11986 | D:9      | Became a worshipper of Warmaster Okawaru
 12053 | D:9      | HP: 6/136 [poisoned by a killer bee]
 12059 | D:9      | HP: 3/91 [poisoned by a killer bee]
 12063 | D:9      | Paralysed by fainting for 12 turns
 12064 | D:9      | HP: 3/91 [poisoned by a killer bee]
 12072 | D:9      | HP: 3/91 [poisoned by a killer bee]
 12693 | D:8      | Reached skill level 12 in Unarmed Combat
 12901 | D:8      | Reached * piety under Okawaru
 13917 | D:9      | Reached skill level 13 in Unarmed Combat
 14285 | D:9      | Reached ** piety under Okawaru
 14285 | D:9      | Reached skill level 5 in Spellcasting
 14488 | D:10     | Entered Level 10 of the Dungeon
 15368 | D:11     | Reached XP level 11. HP: 84/84 MP: 15/18
 15460 | D:11     | Found a staircase to the Lair.
 15468 | D:11     | Noticed a green ugly thing
 15477 | D:11     | Killed a green ugly thing
 15623 | D:11     | Reached *** piety under Okawaru
 15623 | D:11     | Reached skill level 5 in Fighting
 15633 | D:11     | Found a flagged portal.
 15683 | Bailey   | Entered a bailey
 16782 | D:11     | Reached skill level 5 in Dodging
 16889 | D:11     | Found a staircase to the Orcish Mines.
 16933 | Lair:1   | Entered Level 1 of the Lair of Beasts
 16945 | Lair:1   | Reached **** piety under Okawaru
 17249 | Lair:1   | Noticed Gastronok
 17268 | Lair:1   | Killed Gastronok
 17268 | Lair:1   | Reached ***** piety under Okawaru
 17650 | Lair:1   | Found a glowing golden altar of the Shining One.
 18551 | Lair:2   | Reached XP level 12. HP: 103/103 MP: 13/19
 18731 | Lair:2   | Identified a scroll of acquirement
 18892 | Lair:2   | Noticed an eight-headed hydra
 18893 | Lair:2   | Received a gift from Okawaru
 19175 | Lair:2   | Reached skill level 1 in Invocations
 19279 | Lair:2   | Killed an eight-headed hydra
 19380 | Lair:2   | Got a pair of transparent boots {god gift}
 19392 | Lair:2   | Identified the +1 pair of boots of Imperfection {*Drain
                  | rN++ Regen+ Int+4} (Okawaru gifted it to you on level 2 of
                  | the Lair of Beasts)
 19508 | Lair:2   | Noticed an eight-headed hydra
 19702 | Lair:2   | HP: 3/124 [killer bee (6)]
 19702 | Lair:2   | Mangled by a killer bee

Levels and vault maps discovered:
D:1:      minmay_arrival_four_circles, layout_basic, dk_noncrumbling_4
D:2:      cheibrodos_greedy_goblins, layout_basic, serial_bayou_crossing
D:3:      layout_loops_ring, first_ration, minmay_misc_feat_tiny
D:4:      layout_basic, nicolae_ossuary_entry_monument
D:5:      gammafunk_steamed_eel, layout_loops_ring, uniq_sigmund
D:6:      layout_rooms, minmay_temple_entry_hall, nicolae_gozag_seed_capital
D:7:      layout_loops_ring, grunt_livestock
D:8:      layout_loops_ring, kennysheep_mini_moat
D:9:      layout_gridville, gammafunk_temple_overflow_claw,
          cheibrodos_ashenzari_chains
D:10:     layout_roguey
D:11:     layout_loops_ring, lair_entry_dummy, hiddenorc1_lemuel, enter_bailey_2
Temple:   dpeg_five_rooms_temple
Lair:1:   layout_big_grid, basic_altar, uniq_gastronok
Lair:2:   layout_hall_layers, elwin_shoals_entry_rooms, special_room
          [special_room_bee], grunt_megastairs_4, serial_bayou_shore_a,
          minmay_lair_oklob_chamber

Skill      XL: |  1  2  3  4  5  6  7  8  9 10 11 12 |
---------------+-------------------------------------+-----
Dodging        | 2 3 7 8 |  8.1
Transmutations | 3 4 5 7 8 |  8.9
Fighting       | 2 3 4 9 |  9.1
Unarmed Combat | 4 5 7 10 13 | 13.5
Spellcasting   | 4 5 |  5.0
Invocations    | 3 |  3.0

Action                   |  1- 3 |  4- 6 |  7- 9 | 10-12 || total
-------------------------+-------+-------+-------+-------++-------
Melee: Unarmed           |   126 |   420 |   379 |   561 ||  1486
       Kick              |     9 |     6 |       |       ||    15
       Tailslap          |    15 |    44 |    36 |    38 ||   133
       Headbutt          |     1 |     1 |       |       ||     2
       Punch             |       |     9 |     8 |    19 ||    36
Throw: Stone             |    54 |    83 |    28 |    11 ||   176
 Cast: Beastly Appendage |    14 |     4 |       |       ||    18
       Spider Form       |       |     2 |     6 |     3 ||    11
       Sticks to Snakes  |       |     5 |       |     5 ||    10
       Blade Hands       |       |       |     4 |    49 ||    53
       Ice Form          |       |       |     1 |     3 ||     4
       Swiftness         |       |       |       |     1 ||     1
Invok: Heroism           |       |       |       |     2 ||     2
 Abil: Breathe Lightning |       |       |    10 |       ||    10
       Evoke Berserk Rag |       |       |     4 |     9 ||    13
  Use: Scroll            |       |    12 |     5 |     8 ||    25
       Potion            |       |       |       |     1 ||     1
 Stab: Sleeping          |     1 |     1 |       |     1 ||     3
  Eat: Chunk             |     4 |    11 |    16 |    41 ||    72
       Ration            |       |     1 |     2 |     3 ||     6
Armor: Skin              |    28 |    84 |   109 |   167 ||   388
Dodge: Dodged            |    68 |   163 |   216 |   441 ||   888
